 Dungeon Crawl Stone Soup version 0.21-a0-127-g329daca (webtiles) character file.

39 Ordine the Magician (level 3, -2/19 HPs)
             Began as a Deep Elf Wizard on July 16, 2017.
             Slain by an orc
             ... wielding a cursed -1 club
              (6 damage)
             ... on level 3 of the Dungeon.
             The game lasted 00:06:43 (1760 turns).

Ordine the Magician (Deep Elf Wizard)               Turns: 1760, Time: 00:06:43

Health: -2/19      AC:  2    Str:  4    XL:     3   Next: 26%
Magic:  6/11       EV: 13    Int: 23    God:
Gold:   39         SH:  0    Dex: 13    Spells: 3/12 levels left

rFire    . . .     SeeInvis .   n - +3 hand axe (freeze)
rCold    . . .     Gourm    .   (no shield)
rNeg     . . .     Faith    .   a - +0 robe
rPois    .         Spirit   .   b - +0 hat
rElec    .         Reflect  .   (no cloak)
rCorr    .         Harm     .   (no gloves)
MR       .....                  (no boots)
Stlth    ++........             (no amulet)
HPRegen  0.06/turn              (no ring)
MPRegen  0.12/turn              (no ring)

@: no status effects
A: no striking features
a: no special abilities


You were on level 3 of the Dungeon.
You were very hungry.

You visited 1 branch of the dungeon, and saw 3 of its levels.

You collected 39 gold pieces.

Inventory:

Hand Weapons
 n - a +3 hand axe of freezing (weapon)
Armour
 a - a +0 robe (worn)
 b - a +0 hat (worn)
 f - a +1 buckler
Jewellery
 e - an uncursed ring of wizardry {unknown}
 j - a cursed amulet of inaccuracy {unknown}
 k - a +2 ring of protection {unknown}
Scrolls
 h - a scroll of teleportation {unknown}
 o - a scroll of remove curse {unknown}
 p - a scroll of fog {unknown}
Potions
 i - a potion of lignification
 l - a potion of degeneration {unknown}
Books
 c - a book of Minor Magic

   Spells                             Type                      Level
   a - Magic Dart                     Conjuration                  1
   b - Blink                          Translocation                2
   c - Call Imp                       Summoning                    2
   d - Slow                           Hexes                        2
   e - Conjure Flame                  Conjuration/Fire             3
   f - Mephitic Cloud                 Conjuration/Poison/Air       3
 m - a book of Maledictions

   Spells                             Type                      Level
   a - Corona                         Hexes                        1
   b - Ensorcelled Hibernation        Hexes/Ice                    2
   c - Confuse                        Hexes                        3
   d - Tukima's Dance                 Hexes                        3
   e - Dazzling Spray                 Conjuration/Hexes            3
Comestibles
 d - 2 bread rations


   Skills:
 - Level 2.4 Dodging
 + Level 3.0 Stealth
 + Level 0.0 Shields
 - Level 5.0 Spellcasting
 * Level 2.1 Conjurations
   Level 1.1 Summonings
 + Level 1.5 Translocations
 + Level 0.2 Fire Magic
 + Level 0.0 Air Magic
 + Level 0.0 Poison Magic


You had 3 spell levels left.
You knew the following spells:

 Your Spells              Type           Power        Failure   Level  Hunger
a - Magic Dart            Conj           ###.         4%          1    None
b - Blink                 Tloc           N/A          8%          2    None
c - Conjure Flame         Conj/Fire      ##......     17%         3    ##.....
d - Mephitic Cloud        Conj/Pois/Air  #.......     22%         3    ##.....


Dungeon Overview and Level Annotations

Branches:
Dungeon (3/15)

Altars:


Message History

Press: ? - help, Shift-Dir - straight line, f/p - orc
Aim: an orc, wielding a club and wearing a ring mail The magic dart hits the orc.
Casting: Magic Dart
Confirm with . or Enter, or press ? or * to list all spells.
Aiming: Magic Dart
Press: ? - help, Shift-Dir - straight line, f/p - orc
Aim: an orc, wielding a club and wearing a ring mail The magic dart hits the orc.
The orc hits you with a club.
Casting: Magic Dart
Confirm with . or Enter, or press ? or * to list all spells.
Aiming: Magic Dart
Press: ? - help, Shift-Dir - straight line, f/p - orc
Aim: an orc, wielding a club and wearing a ring mail The magic dart hits the orc.
The orc is moderately wounded.
The orc hits you from afar with a trident!
* * * LOW HITPOINT WARNING * * *
The orc hits you with a club.
You die...

# ### #.... .#
#.#.# .#
#.#o###.###
#####..o.......
#......@.......
#.#####.#.#####
#...# ##..#
#..# #<.# #..#
#..# #..#


You could see 2 orcs.

Vanquished Creatures
  An ooze (D:1)
  A dart slug (D:1)
  2 leopard geckos
  An orc (D:3)
  6 bats
  3 goblins (D:1)
  3 hobgoblins (D:1)
  3 frilled lizards
  3 kobolds (D:1)
  7 rats
30 creatures vanquished.

Notes
Turn   | Place    | Note
-------+----------+-------------------------------------------
     0 | D:1      | Ordine the Deep Elf Wizard began the quest for the Orb.
     0 | D:1      | Reached XP level 1. HP: 10/10 MP: 7/7
   354 | D:1      | Reached XP level 2. HP: 15/15 MP: 3/9
   407 | D:1      | Learned a level 2 spell: Blink
   701 | D:1      | Reached skill level 5 in Spellcasting
   866 | D:1      | Reached XP level 3. HP: 19/19 MP: 8/11
  1241 | D:1      | Learned a level 3 spell: Conjure Flame
  1245 | D:1      | Learned a level 3 spell: Mephitic Cloud
  1760 | D:3      | Slain by an orc

Vault maps used:
D:1:      sevenhm_arrival_forest_fort_small_3, minmay_shallow_snake_nest
D:2:      uniq_crazy_yiuf_cottage
D:3:      first_bread

Skill      XL: |  1  2  3 |
---------------+----------+-----
Spellcasting   | 5 |  5.0
Stealth        | 3 |  3.0
Conjurations   | 2 |  2.1
Dodging        | |  2.4
Summonings     | |  1.1
Translocations | |  1.5
Fire Magic     | |  0.2

Action                   || total
-------------------------++-------
Melee: Short sword       ||     6
       Unarmed           ||     2
 Cast: Magic Dart        ||    72
  Use: Scroll            ||     3
  Eat: Chunk             ||     1
Armor: Robe              ||     5
Dodge: Dodged            ||    14
